 Dungeon Crawl Stone Soup version 0.26-a0-667-g92642533e4 (webtiles) character file.

Game seed: 12825380354113583322

2527 somkeydreadnuts the Conjurer (level 9, 0/45 HPs)
             Began as a Gargoyle Fire Elementalist on Oct 17, 2020.
             Was a Priest of Vehumet.
             Slain by a six-headed hydra (6 damage)
             ... on level 7 of the Dungeon.
             The game lasted 01:10:30 (7937 turns).

somkeydreadnuts the Conjurer (GrFE)                 Turns: 7937, Time: 01:10:30

Health: 0/45       AC: 11    Str: 12    XL:     9   Next: 54%
Magic:  15/17      EV: 12    Int: 21    God:    Vehumet [***...]
Gold:   367        SH:  0    Dex: 10    Spells: 10/19 levels left

rFire    + . .     SeeInvis .   e - staff of fire
rCold    . . .     Faith    +   (no shield)
rNeg     + . .     Spirit   .   a - +0 robe
rPois    ∞         Reflect  .   u - +1 hat
rElec    +         Harm     .   v - +0 cloak {rPois}
rCorr    .         Rampage  .   B - +0 pair of gloves
MR       .....                  (no boots)
Stlth    ++........             c - amulet of faith
HPRegen  0.15/turn              q - ring of wizardry
MPRegen  0.15/turn              r - ring of wizardry

@: flying
A: clever 1, deformed body, negative energy resistance 1, electricity
resistance, unbreathing, petrification resistance, rot immunity, AC +6
a: Renounce Religion


You were on level 7 of the Dungeon.
You worshipped Vehumet.
Vehumet was most pleased with you.
You visited 1 branch of the dungeon, and saw 8 of its levels.

You collected 554 gold pieces.
You spent 187 gold pieces at shops.

Inventory:

Hand Weapons
 n - a +0 short sword of freezing
Missiles
 D - 4 boomerangs of dispersal (quivered)
Armour
 a - a +0 robe (worn)
 u - a +1 hat (worn)
 v - a +0 cloak of poison resistance (worn)
 B - a +0 pair of gloves (worn)
Magical Staves
 e - an uncursed staff of fire (weapon)
Jewellery
 b - an uncursed amulet of magic regeneration
 c - an amulet of faith (around neck)
 j - a +6 ring of strength {unknown}
 q - a ring of wizardry (left hand)
 r - a ring of wizardry (right hand)
 t - an uncursed amulet of the acrobat
Wands
 o - a wand of enslavement (9)
 s - a wand of polymorph (8)
Scrolls
 d - 2 scrolls of immolation {unknown}
 g - 6 scrolls of remove curse
 h - 2 scrolls of random uselessness
 k - 2 scrolls of teleportation {unknown}
 l - 5 scrolls of identify
 p - a scroll of fog {unknown}
 x - 2 scrolls of enchant weapon {unknown}
 y - a scroll of fear {unknown}
 A - a scroll of amnesia {unknown}
 C - a scroll of summoning {unknown}
Potions
 f - 3 potions of stabbing
 i - a potion of flight
 m - a potion of might
 w - a potion of mutation
 z - a potion of haste


   Skills:
 - Level 0.1 Short Blades
 - Level 0.6 Staves
 - Level 4.0 Armour
 - Level 2.5 Dodging
 - Level 3.8 Stealth
 * Level 5.6 Spellcasting
 + Level 7.3 Conjurations
 + Level 7.2 Fire Magic
 - Level 2.4 Poison Magic


You had 10 spell levels left.
You knew the following spells:

 Your Spells              Type           Power        Failure   Level
a - Foxfire               Conj/Fire      ####         1%          1
b - Fireball              Conj/Fire      ######....   1%          5
c - Mephitic Cloud        Conj/Pois/Air  ###.....     1%          3

Your spell library contained the following spells:

 Spells                   Type           Power        Failure   Level
 Dazzling Flash           Conj/Hex       ###...       1%          3
 Magic Dart               Conj           ####         1%          1
 Conjure Flame            Conj/Fire      ######..     1%          3
 Inner Flame              Hex/Fire       ####....     1%          3
 Static Discharge         Conj/Air       ###.....     1%          3
 Sticky Flame             Conj/Fire      ######..     1%          4
 Animate Skeleton         Necr           #.....       2%          1
 Blink                    Tloc           N/A          4%          2
 Call Imp                 Summ           #.......     4%          2
 Slow                     Hex            #.......     4%          2
 Bolt of Magma            Conj/Fire/Erth #####.....   4%          5
 Confusing Touch          Hex            #.......     9%          3
 Gell's Gravitas          Tloc           #.........   9%          3
 Petrify                  Tmut/Erth      #.......     24%         4
 Yara's Violent Unravell  Hex/Tmut       #.........   26%         5
 Iron Shot                Conj/Erth      ###.......   32%         6
 Agony                    Necr           #.......     54%         5
 Metabolic Englaciation   Hex/Ice        #.........   54%         5


Dungeon Overview and Level Annotations

Branches:
Dungeon (8/15)             Temple (0/1) D:5
   Lair: D:8-11

Altars:
Cheibriados
Makhleb
Nemelex Xobeh
Uskayaw
Vehumet
Xom
The Shining One

Shops:
D:4 [   D:8 :

Annotations:
D:8 3 runed translucent doors, Harold; PezBoy's ghost, novice GrFi


Innate Abilities, Weirdness & Mutations

You are resistant to torment.
Your stone body is resilient. (AC +6)
You are immune to poison.
You resist negative energy. (rN+)
You are resistant to electric shocks. (rElec)
You can survive without breathing.
You are immune to petrification.
You are immune to rotting.
Your mind is acute. (Int +2)
Armour fits poorly on your strangely shaped body.


Message History

You feel a surge of power!
You conjure some foxfire!
The six-headed hydra bites you.
The six-headed hydra bites you but does no damage.
The six-headed hydra barely misses you.
The six-headed hydra closely misses you.
The six-headed hydra barely misses you. The six-headed hydra bites you.
Your foxfire dissipates!
The foxfire hits the six-headed hydra!
The six-headed hydra is moderately wounded.
You feel very buoyant.
You fly up into the air.
The six-headed hydra bites you. The six-headed hydra bites you!
* * * LOW HITPOINT WARNING * * *
The six-headed hydra bites you but does no damage.
The six-headed hydra completely misses you.
The six-headed hydra bites you but does no damage.
The six-headed hydra misses you.
There is a stone staircase leading up here.
The six-headed hydra bites you.
You die...

# ##'###.##.##.....#.####....####
# #.# #.##.##.#.....##......')..
# #.# #.##....#.#.#.###.....####
####.###.#.....#.#.#.###.....####
...................[..........>..
####.###.#...###.#.#...#######.##
.# #.# #.#...# #.#.#.#########.#
.###.###.#...###.#.#........##.#
................@D....###.####.##
.#####.#.#...#####.##).##........
.# #.............###.#######...
.# ##[........######).# #...
.######.........#.......# #...
................#.#####.## #...
................#.# #..# #...
..................# #..## #.#'
.......############ #...# #.#.


You could see a six-headed hydra.

Vanquished Creatures
  A hornet zombie (D:8)
  2 ice beasts
  2 sky beasts (D:8)
  4 centaurs
  2 ogres
  A bullfrog (D:6)
  4 scorpions
  3 killer bees (D:7)
  4 howler monkeys
  A jelly (D:7)
  A quasit (D:7)
  A bullfrog skeleton (D:5)
  4 hounds
  5 orc wizards
  4 orc priests
  2 centaur skeletons
  2 iguanas (D:6)
  5 worker ants
  A hound zombie (D:5)
  A gnoll (D:1)
  9 river rats (D:6)
  8 adders
  A shadow imp (D:5)
  2 white imps
  6 ufetubi
  An ooze (D:6)
  An adder zombie (D:7)
  An adder skeleton (D:5)
  5 worms
  A dart slug (D:2)
  4 leopard geckos
  21 orcs
  12 bats
  7 giant cockroaches
  7 goblins
  12 hobgoblins
  8 jackals
  9 kobolds
  10 quokkas
  A ball python skeleton (D:4)
  9 frilled lizards
  23 rats
208 creatures vanquished.

Vanquished Creatures (collateral kills)
  A foxfire (D:4)
1 creature vanquished.

Vanquished Creatures (others)
  620 foxfires
  3 plants (D:8)
623 creatures vanquished.

Grand Total: 832 creatures vanquished

Notes
Turn   | Place    | Note
-------+----------+-------------------------------------------
     0 | D:1      | somkeydreadnuts the Gargoyle Fire Elementalist began the
                  | quest for the Orb.
     0 | D:1      | Reached XP level 1. HP: 10/10 MP: 3/3
   111 | D:1      | Reached XP level 2. HP: 15/15 MP: 1/5
   265 | D:1      | Reached XP level 3. HP: 19/19 MP: 3/6
   853 | D:2      | Reached XP level 4. HP: 24/24 MP: 1/8
  1021 | D:2      | Reached skill level 1 in Armour
  1254 | D:2      | Found a sparkling altar of Nemelex Xobeh.
  1540 | D:3      | Reached XP level 5. HP: 26/28 MP: 9/9
  1684 | D:3      | Found a burning altar of Makhleb.
  1688 | D:3      | Found a snail-covered altar of Cheibriados.
  2192 | D:4      | Found Dethona's Antique Armour Shop.
  2204 | D:4      | Reached XP level 6. HP: 11/32 MP: 4/10
  2218 | D:4      | Bought a glowing cloak for 187 gold pieces
  2838 | D:4      | Reached XP level 7. HP: 36/36 MP: 7/11
  2861 | D:4      | Learned a level 5 spell: Fireball
  2912 | D:4      | Found a glowing golden altar of the Shining One.
  3022 | D:5      | Entered Level 5 of the Dungeon
  3045 | D:5      | Gained mutation: Armour fits poorly on your strangely
                  | shaped body. [potion of mutation]
  3045 | D:5      | Gained mutation: Your mind is acute. (Int +2) [potion of
                  | mutation]
  3221 | D:5      | Found a radiant altar of Vehumet.
  3229 | D:5      | Became a worshipper of Vehumet
  3475 | D:5      | Reached skill level 5 in Conjurations
  3703 | D:5      | Got a jewelled hand crossbow
  3711 | D:5      | Found a hide-covered altar of Uskayaw.
  3714 | D:5      | Noticed a +0 hand axe
  3714 | D:5      | Noticed a +0 dagger
  3876 | D:5      | Reached skill level 5 in Fire Magic
  3884 | D:5      | Reached XP level 8. HP: 40/41 MP: 4/12
  3988 | D:5      | Found a staircase to the Ecumenical Temple.
  4408 | D:5      | Learned a level 3 spell: Mephitic Cloud
  4604 | D:6      | Reached * piety under Vehumet
  4604 | D:6      | Offered knowledge of Freeze by Vehumet.
  4967 | D:6      | Found a shimmering altar of Xom.
  5091 | D:6      | Reached skill level 1 in Poison Magic
  5303 | D:6      | Identified the Guide on Evil Rites and Combat Magic
  5939 | D:6      | Reached ** piety under Vehumet
  5939 | D:6      | Offered knowledge of Searing Ray by Vehumet.
  6493 | D:7      | Reached XP level 9. HP: 45/45 MP: 11/13
  6701 | D:7      | Identified the +10 hand crossbow "Suadoh" {penet, Fragile
                  | rC+ Str+4} (You found it on level 5 of the Dungeon)
  6994 | D:7      | Offered knowledge of Dazzling Flash by Vehumet.
  7353 | D:8      | Noticed Harold
  7355 | D:8      | Reached skill level 5 in Spellcasting
  7517 | D:8      | Noticed PezBoy's ghost (novice GrFi)
  7551 | D:8      | Noticed a fire dragon
  7581 | D:8      | Found a runed translucent gate.
  7581 | D:8      | Found a runed translucent gate.
  7581 | D:8      | Found a runed translucent gate.
  7657 | D:8      | HP: 1/45 [sky beast (2)]
  7670 | D:8      | Reached *** piety under Vehumet
  7841 | D:8      | Found Jasofif's Book Shoppe.
  7906 | D:8      | Noticed a six-headed hydra
  7937 | D:7      | Slain by a six-headed hydra

Illustrated notes

Levels and vault maps discovered:
D:1:      dpeg_arrival_rhombus, layout_loops_ring
D:2:      layout_rooms, minmay_misc_feat_diagonals, kennysheep_flooded_box,
          minmay_crystal_room, nemelex_spade_bored_becter
D:3:      layout_loops_ring, amethyst_overflow_temple_binary
D:4:      layout_rooms, kennysheep_little_box, serial_shops, nicolae_shop_trees,
          kennysheep_path_1, nicolae_underground_beach
D:5:      layout_gridville, vehumet_crystals, dancing_weapons_uskayaw,
          minmay_temple_entry_offerings
D:6:      lemuel_ratsnest, layout_layer_cave, overflow_temple_1_default,
          nrook_pool_corridor
D:7:      layout_basic
D:8:      layout_basic, nemelex_xobeh_ov_fountains_minmay, lair_entry_dummy,
          gammafunk_ghost_split, serial_shops, nicolae_shop_crystal,
          minmay_shattered_shrine, uniq_harold

Skill      XL: |  1  2  3  4  5  6  7  8  9 |
---------------+----------------------------+-----
Armour         | 2 3 4 |  4.0
Dodging        | 2 |  2.5
Stealth        | 3 |  3.8
Conjurations   | 2 5 7 |  7.3
Fire Magic     | 4 5 6 7 |  7.2
Poison Magic   | 2 |  2.4
Spellcasting   | 5 |  5.6
Short Blades   | |  0.1
Staves         | |  0.6

Action                   |  1- 3 |  4- 6 |  7- 9 || total
-------------------------+-------+-------+-------++-------
Melee: Short sword       |    14 |    13 |     7 ||    34
       Staff             |       |    22 |   148 ||   170
 Cast: Foxfire           |    58 |   109 |   240 ||   407
       Fireball          |       |       |    11 ||    11
       Mephitic Cloud    |       |       |     7 ||     7
  Use: Potion            |       |       |    11 ||    11
       Scroll            |       |       |     2 ||     2
 Stab: Confused          |       |       |     2 ||     2
Armor: Robe              |     5 |    35 |    95 ||   135
Dodge: Dodged            |    18 |    47 |   186 ||   251

Table legend: (Time is in decaauts)
 A = Elapsed time spent in this place.
 B = Non-inter-level travel time spent in this place.
 C = Inter-level travel time spent in this place.
 D = Time resting spent in this place.
 E = Time spent auto-exploring this place.
 F = Levels seen in this place.
 G = Mean time per level.
                   A        B        C        D        E       F      G
               +--------+--------+--------+--------+--------+-----+--------+
         Total |   7927 |   7927 |      0 |      0 |   5509 |   8 |  990.9 |
       Dungeon |   7927 |   7927 |      0 |      0 |   5509 |   8 |  990.9 |
               +--------+--------+--------+--------+--------+-----+--------+

Top non-repeatable levels by time:
     D:6: 1870 daAuts
     D:7: 1392 daAuts
     D:5: 1372 daAuts
     D:4: 917 daAuts
     D:1: 710 daAuts
     D:3: 710 daAuts
     D:2: 685 daAuts
     D:8: 268 daAuts
